 Dungeon Crawl Stone Soup version 0.31-a0-259-g771a54ca4b (webtiles) character file.

Game seed: 12160200008783702788

76 qw the Shooter (level 4, -1/26 HPs)
             Began as a Gargoyle Hexslinger on July 13, 2023.
             Killed from afar by Sigmund (5 damage)
             ... with a puff of flame
             ... on level 3 of the Dungeon.
             The game lasted 00:00:41 (1619 turns).

qw the Shooter (Gargoyle Hexslinger)                Turns: 1619, Time: 00:00:42

Health: -1/26      AC:  8    Str: 17    XL:     4   Next: 32%
Magic:  5/5        EV: 11    Int: 14    God:
Gold:   52         SH:  0    Dex: 14    Spells: 4/5 levels left

rFire   . . .        Y - +1 sling
rCold   . . .        (no shield)
rNeg    + . .        f - +0 ring mail
rPois   inf          (no helmet)
rElec   +            (no cloak)
rCorr   .            (no gloves)
SInv    .            (no boots)
Will    .....        b - amulet of faith
Stlth   +            e - +6 ring of strength
HPRegen 0.24/turn    (no ring)
MPRegen 0.09/turn

%: faith
@: no status effects
A: sickness immunity, AC +3, negative energy resistance 1, electricity
resistance, torment resistance 1, petrification resistance
a: no special abilities


You were on level 3 of the Dungeon.
You visited 1 branch of the dungeon, and saw 4 of its levels.

You collected 82 gold pieces.
You spent 30 gold pieces at shops.


Innate Abilities, Weirdness & Mutations

You are immune to sickness and miasma.
Your stone body is resilient. (AC +3)
You are immune to poison.
You resist negative energy. (rN+)
You are resistant to electric shocks. (rElec)
You are resistant to unholy torment.
You are immune to petrification.


   Skills:
 - Level 2.0 Fighting
 - Level 4.1 Ranged Weapons
 + Level 0.2 Armour
 - Level 1.5 Dodging
 - Level 1.0 Spellcasting
 - Level 2.6 Hexes


You had 4 spell levels left.
You knew the following spells:

 Your Spells              Type           Power      Damage    Failure   Level
a - Slow                  Hex            32%        N/A       16%         1

Your spell library contained the following spells:

 Spells                   Type           Power      Damage    Failure   Level
 Inner Flame              Hex/Fire       4%         N/A       63%         3
 Portal Projectile        Hex/Tloc       8%         N/A       63%         3
 Cause Fear               Hex            4%         N/A       85%         4

Inventory:

Hand Weapons
 Y - a +1 sling (weapon)
Armour
 f - a +0 ring mail (worn)
Jewellery
 b - an amulet of faith (around neck)
 e - a +6 ring of strength (left hand)
Potions
 c - a potion of magic {unknown}
 d - a potion of degeneration {unknown}
 g - a potion of invisibility {unknown}
 h - a potion of haste {unknown}
 i - 2 potions of curing
 j - a potion of brilliance {unknown}
 k - 2 potions of heal wounds {unknown}

Dungeon Overview and Level Annotations

Branches:
Dungeon (4/15)
 Temple: D:4-7

Altars:

Shops:
D:2 !=

Annotations:
D:3 Sigmund


Message History

Sigmund giggles. "Time to reap what you sow."
Sigmund hits you from afar with a +0 scythe.
You shoot a sling bullet.
The sling bullet closely misses Sigmund.
Sigmund casts a spell at you. The puff of flame hits you!
1612 ||| READING scroll labelled OFANU ITAUKHLAO.
As you read the scroll labelled OFANU ITAUKHLAO, it crumbles to dust.
You hear a loud clanging noise!
It was a scroll of noise.
You hear an angry hiss.
You hear a shout! x2
Sigmund hits you from afar with a +0 scythe!
Sigmund hits you but does no damage.
Enter note:
Enter note:
Enter note:
Enter note:
Enter note:
Enter note:
Enter note:
Enter note:
Enter note:
Enter note:
Enter note: You start resting.
Sigmund is nearby!
You shoot a sling bullet. The sling bullet hits Sigmund.
Sigmund is almost dead.
An orc comes into view. It is wielding a +0 short sword.
You shoot a sling bullet. The sling bullet barely misses Sigmund.
Sigmund casts a spell.
Sigmund flickers and vanishes!
Deactivating autopickup; reactivate with Ctrl-A.
You shoot a sling bullet.
The sling bullet closely misses the orc.
You shoot a sling bullet. The sling bullet hits the orc.
The orc is heavily wounded.
A puff of flame appears from out of thin air!
The puff of flame hits you.
You die...

##.......# ##.....#..#
..# #..#.### > ## ...#
####.##...## .###..#
#....##...##. ....<.#
....###...##.###.{..(.##
#%#.###...##...#........
..#....#######..#.....#
.#####.#####....@o..# #
......)......##.#.#.#
##. ######.########.#.#
... # #.# ....# # #.#
###### # ... # ... #
.... .....


You could see an orc.

Vanquished Creatures
  3 adders (D:2)
  2 dart slugs
  4 endoplasms
  5 hobgoblins
  3 jackals (D:1)
  6 kobolds
  A quokka (D:1)
  A ball python (D:1)
  3 bats
  5 frilled lizards (D:2)
  6 goblins
  5 rats
44 creatures vanquished.

Notes
Turn   | Place    | Note
-------+----------+-------------------------------------------
     0 | D:1      | qw the Gargoyle Hexslinger began the quest for the Orb.
     0 | D:1      | Reached XP level 1. HP: 12/12 MP: 2/2
     0 | D:1      | 0 ||| qw: Version: 0.3-a-52-g30416fa
     0 | D:1      | 0 ||| qw: Game counter: 6958
     0 | D:1      | 0 ||| qw: Melee chars always use a shield: true
     0 | D:1      | 0 ||| qw: God list: Okawaru
     0 | D:1      | 0 ||| qw: Allow faded altars: false
     0 | D:1      | 0 ||| qw: Do Orc after clearing Dungeon:15 true
     0 | D:1      | 0 ||| qw: Do second Lair branch before Depths: true
     0 | D:1      | 0 ||| qw: Lair rune preference: random
     0 | D:1      | 0 ||| qw: Goals: Normal
     0 | D:1      | 0 ||| PLANNING D:1-11
   159 | D:1      | Reached XP level 2. HP: 16/16 MP: 3/3
   333 | D:1      | Reached skill level 3 in Ranged Weapons
   416 | D:1      | Reached XP level 3. HP: 21/21 MP: 4/4
   767 | D:1      | 767 ||| UPGRADING to +0 ring mail.
   777 | D:1      | 777 ||| DROPPING +0 robe.
   778 | D:1      | 778 ||| DROPPING amulet of magic regeneration.
   779 | D:1      | 779 ||| READING scroll labelled ASERUL NAURO.
   780 | D:1      | 780 ||| DROPPING scroll of poison.
   912 | D:2      | Found a faded altar of an unknown god.
  1106 | D:2      | Found Jumeeghi's Distillery.
  1112 | D:2      | 1112 ||| BUYING potion of curing (30 gold).
  1112 | D:2      | Bought a potion of curing for 30 gold pieces
  1112 | D:2      | 1112 ||| SHOPLISTING potion of haste (100 gold, have 37).
  1112 | D:2      | 1112 ||| SHOPLISTING potion of heal wounds (50 gold, have
                  | 37).
  1112 | D:2      | 1112 ||| SHOPLISTING potion of might (40 gold, have 37).
  1112 | D:2      | 1112 ||| SHOPLISTING potion of mutation (80 gold, have 37).
  1181 | D:2      | Reached XP level 4. HP: 26/26 MP: 5/5
  1269 | D:2      | Reached skill level 4 in Ranged Weapons
  1347 | D:2      | You fall into a shaft and drop 2 floors!
  1353 | D:4      | 1353 ||| UPGRADING to amulet of faith.
  1358 | D:4      | 1358 ||| UPGRADING to +6 ring of strength.
  1359 | D:4      | 1359 ||| READING scroll labelled BUCWECITWIAD.
  1379 | D:4      | 1379 ||| READING scroll labelled SATAINU RIRISU.
  1472 | D:2      | Found Gecreatube's Jewellery Boutique.
  1479 | D:2      | 1479 ||| SHOPLISTING amulet of the acrobat (390 gold, have
                  | 37).
  1479 | D:2      | 1479 ||| SHOPLISTING ring of fire (325 gold, have 37).
  1479 | D:2      | 1479 ||| SHOPLISTING ring of ice (325 gold, have 37).
  1479 | D:2      | 1479 ||| SHOPLISTING ring of protection from cold (325
                  | gold, have 37).
  1602 | D:3      | Noticed Sigmund
  1612 | D:3      | 1612 ||| READING scroll labelled OFANU ITAUKHLAO.
  1612 | D:3      | HP: 3/26 [Sigmund/+0 scythe (9)]
  1619 | D:3      | Killed from afar by Sigmund

Levels and vault maps discovered:
D:1:      matt_arrival_diagonals, layout_basic
D:2:      layout_basic, shapermc_ecumenical_altar_starsandcircs, serial_shops,
          shop, shop, nrook_loot_triangle
D:3:      layout_rooms, gammafunk_ghost_necromancy, uniq_sigmund,
          uniq_crazy_yiuf_cottage
D:4:      layout_cave_pools, minmay_temple_entry_tees, serial_demonic,
          serial_demonic_a, serial_demonic_g, serial_demonic_g,
          serial_demonic_b, nicolae_nh_oracle_at_delphi, uniq_edmund

Skill      XL: |  1  2  3  4 |
---------------+-------------+-----
Ranged Weapons | 3 4 |  4.1
Fighting       | 2 |  2.0
Armour         | |  0.2
Dodging        | |  1.5
Spellcasting   | |  1.0
Hexes          | |  2.6

Action                     |  1- 3 |  4- 6 || total
---------------------------+-------+-------++-------
   Fire: Sling             |   136 |    45 ||   181
    Use: Scroll            |     1 |     3 ||     4
 Armour: Robe              |    13 |       ||    13
         Ring mail         |    34 |    18 ||    52
  Dodge: Dodged            |    75 |    23 ||    98

Table legend:
 A = Non-vault XP
 B = Vault XP
 C = Vault XP percentage of total XP
 D = Non-vault monster count
 E = Vault monster count
 F = Vault count percentage of total count
                 A         B        C        D         E       F
            +---------+---------+-------+---------+---------+-------
      Total |     109 |       0 |   0.0 |      44 |       0 |   0.0
            +---------+---------+-------+---------+---------+-------
        D:1 |      36 |       0 |   0.0 |      20 |       0 |   0.0
        D:2 |      68 |       0 |   0.0 |      21 |       0 |   0.0
        D:3 |       5 |       0 |   0.0 |       3 |       0 |   0.0
            +---------+---------+-------+---------+---------+-------
